 Dungeon Crawl Stone Soup version 0.30-a0-55-g90e3122c3a (webtiles) character file.

Game seed: 6657055490764390902

835 Newt the Chopper (level 7, 0/54 HPs)
             Began as a Demonspawn Gladiator on Sept 9, 2022.
             Was an Initiate of Hepliaklqana.
             Succumbed to a gnoll's poison
             ... on level 5 of the Dungeon.
             The game lasted 00:06:11 (3923 turns).

Newt the Chopper (Demonspawn Gladiator)             Turns: 3923, Time: 00:06:11

Health: 0/54       AC: 19    Str: 16    XL:     7   Next: 66%
Magic:  7/7        EV:  7    Int: 15    God:    Hepliaklqana [......]
Gold:   142        SH:  9    Dex: 15    Spells: 6/6 levels left

rFire   . . .      SeeInvis .    t - +2 hand axe (chaos)
rCold   . . .      Faith    .    e - +0 buckler
rNeg    . . .      Spirit   .    p - +4 chain mail
rPois   .          Reflect  .    m - +1 helmet
rElec   .          Harm     .    (no cloak)
rCorr   .          Rampage  .    q - +0 pair of gloves
Will    .....                    (no boots)
Stlth   ..........               (no amulet)
HPRegen 0.18/turn                n - +4 ring of protection
MPRegen 0.10/turn                w - +6 ring of intelligence

@: brilliant, lethally poisoned (0 -> -4)
A: hooves 2, large bone plates 1, demonic guardian 1
a: Renounce Religion


You were on level 5 of the Dungeon.
You worshipped Hepliaklqana.
Hepliaklqana was noncommittal.
You visited 1 branch of the dungeon, and saw 5 of its levels.

You collected 142 gold pieces.

Inventory:

Hand Weapons
 a - a +0 rapier
 t - a +2 hand axe of chaos (weapon)
Missiles
 d - a throwing net (quivered)
 l - a javelin
 x - 10 poisoned darts
Armour
 b - a +0 leather armour
 c - a +0 helmet
 e - a +0 buckler (worn)
 m - a +1 helmet (worn)
 p - a +4 chain mail (worn)
 q - a +0 pair of gloves (worn)
 u - a +0 chain mail
Jewellery
 n - a +4 ring of protection (left hand)
 w - a +6 ring of intelligence (right hand)
Wands
 o - a wand of mindburst (5)
Scrolls
 f - 2 scrolls of amnesia
 h - a scroll of teleportation
 k - a scroll of enchant armour


   Skills:
 - Level 4.0 Fighting
 - Level 2.6 Short Blades
 - Level 6.0 Axes
 - Level 2.0 Throwing
 - Level 2.6 Dodging
 - Level 2.0 Stealth
 + Level 2.8 Shields


You had 6 spell levels left.
You didn't know any spells.
Your spell library contained the following spells:

 Spells                   Type           Power      Damage    Failure   Level
 Magic Dart               Conj           0%         1d3       100%        1
 Call Imp                 Summ           0%         N/A       100%        2
 Mephitic Cloud           Conj/Pois/Air  0%         N/A       100%        3


Dungeon Overview and Level Annotations

Branches:
Dungeon (5/15)
 Temple: D:4-7

Altars:
Fedhas
Hepliaklqana


Innate Abilities, Weirdness & Mutations

You have hoof-like feet.
You are partially covered in large bone plates. (SH +4)
A weak demonic guardian rushes to your aid.


Message History

* * * LOW HITPOINT WARNING * * *
You feel very sick.
Unknown command.
* * * LOW HITPOINT WARNING * * *
You feel very sick.
Items here: )) ††.
Okay, then.
There is a lethal amount of poison in your body!
There is a lethal amount of poison in your body!
There is a lethal amount of poison in your body!
It was a potion of might.
You feel very mighty all of a sudden.
* * * LOW HITPOINT WARNING * * *
You feel sick.
It was a potion of cancellation.
Your magical effects are unravelling.
You feel magically purged.
You feel a little less mighty now.
* * * LOW HITPOINT WARNING * * *
You feel sick.
Unknown command.
There is a lethal amount of poison in your body!
Okay, then.
Okay, then.
There is a lethal amount of poison in your body!
There is a lethal amount of poison in your body!
There is a lethal amount of poison in your body!
You feel clever all of a sudden.
* * * LOW HITPOINT WARNING * * *
You feel sick.
Okay, then.
Okay, then.
Really read the scroll of immolation?
You can't even see any enemies this would affect.
As you read the scroll of immolation, it crumbles to dust.
The air around you briefly surges with heat, but it dissipates.
* * * LOW HITPOINT WARNING * * *
You feel sick.
Unknown command.
Unknown command.
You die...

. .. #+## .. #..####
#+###. #@.'.(####
#...+. +...').#..#..#
#...#.
########)##..##+#..)'.
+..........#..)')
#....####..'..)#.
#.#### #.######. +..
#.+ #.. #.. #.# #.. #.
#.# #..


There were no monsters in sight!

Vanquished Creatures
  An orc warrior (D:4)
  2 black bears
  2 ogres
  A centaur (D:5)
  A phantom (D:4)
  A scorpion (D:4)
  A jelly (D:5)
  An orc wizard (D:4)
  3 gnolls (D:5)
  2 adders (D:2)
  3 worms
  2 dart slugs
  3 orcs
  7 bats
  12 endoplasms
  8 goblins
  6 hobgoblins
  3 jackals (D:1)
  4 quokkas
  4 ball pythons
  4 frilled lizards
  9 kobolds
  5 rats
85 creatures vanquished.

Vanquished Creatures (others)
  A plant (D:3)
1 creature vanquished.

Grand Total: 86 creatures vanquished

Notes
Turn   | Place    | Note
-------+----------+-------------------------------------------
     0 | D:1      | Newt the Demonspawn Gladiator began the quest for the Orb.
     0 | D:1      | Reached XP level 1. HP: 16/16 MP: 1/1
    43 | D:1      | Reached skill level 1 in Stealth
   187 | D:1      | Gained mutation: You are partially covered in large bone
                  | plates. (SH +4) [demonic ancestry]
   187 | D:1      | Reached XP level 2. HP: 22/22 MP: 2/2
  1005 | D:2      | Reached XP level 3. HP: 28/28 MP: 3/3
  1909 | D:2      | Gained mutation: You have large cloven feet. [demonic
                  | ancestry]
  1909 | D:2      | Reached XP level 4. HP: 37/37 MP: 4/4
  2184 | D:3      | Found a faded altar of an unknown god.
  2285 | D:3      | Found a blossoming altar of Fedhas.
  2642 | D:4      | Noticed an orc warrior
  2661 | D:4      | Reached skill level 1 in Axes
  2907 | D:4      | Noticed an ogre
  2913 | D:4      | HP: 1/37 [orc warrior/+0 glaive (9)]
  2915 | D:4      | Found a hazy altar of Hepliaklqana.
  2915 | D:4      | Noticed a black bear
  2916 | D:4      | Noticed a scorpion
  2939 | D:4      | Killed a black bear
  2940 | D:4      | Reached skill level 3 in Axes
  2940 | D:4      | Gained mutation: You have hoof-like feet. [demonic
                  | ancestry]
  2940 | D:4      | Reached XP level 5. HP: 6/42 MP: 5/5
  3231 | D:4      | Noticed a phantom
  3240 | D:4      | Killed a phantom
  3241 | D:4      | Gained mutation: A weak demonic guardian rushes to your
                  | aid. [demonic ancestry]
  3241 | D:4      | Reached XP level 6. HP: 48/48 MP: 6/6
  3254 | D:4      | Reached skill level 4 in Axes
  3261 | D:4      | Became a worshipper of Hepliaklqana the Forgotten
  3552 | D:4      | Killed an orc warrior
  3632 | D:4      | Reached skill level 5 in Axes
  3632 | D:4      | Reached XP level 7. HP: 52/54 MP: 7/7
  3681 | D:5      | Entered Level 5 of the Dungeon
  3711 | D:5      | Reached skill level 6 in Axes
  3711 | D:5      | Reached skill level 1 in Shields
  3921 | D:5      | HP: 1/54 [poisoned by a gnoll]
  3923 | D:5      | Succumbed to a gnoll's poison

Illustrated notes

Levels and vault maps discovered:
D:1:      lightli_arrival_quake, layout_rooms, serial_bayou_ford_a
D:2:      layout_basic, serial_forest, infiniplex_forest_clump_diagonal,
          infiniplex_forest_zigzag_2, infiniplex_forest_corner_1,
          infiniplex_forest_end_2, infiniplex_forest_lined_room_2,
          infiniplex_forest_corner_1, eino_curves_03
D:3:      layout_rooms, lemuel_crystal_altar,
          hellmonk_ecumenical_altar_slurped_away, guppyfry_early_lair_pool
D:4:      layout_basic, mainiacjoe_overflow_six_doors_small
D:5:      corexii_shantytown, layout_basic, enter_ossuary_2,
          uniq_crazy_yiuf_cottage

Skill      XL: |  1  2  3  4  5  6  7 |
---------------+----------------------+-----
Stealth        | 1 2 |  2.0
Fighting       | 3 4 |  4.0
Throwing       | 2 |  2.0
Axes           | 3 5 6 |  6.0
Shields        | 2 |  2.8
Short Blades   | |  2.6
Dodging        | |  2.6

Action                   |  1- 3 |  4- 6 |  7- 9 || total
-------------------------+-------+-------+-------++-------
Melee: Rapier            |   147 |    34 |       ||   181
       Hand axe          |       |    47 |    38 ||    85
       Kick              |       |    23 |    12 ||    35
Throw: Dart              |       |     8 |       ||     8
       Throwing net      |       |     2 |       ||     2
       Javelin           |       |     1 |       ||     1
  Use: Scroll            |     4 |     2 |     3 ||     9
       Potion            |       |     4 |     3 ||     7
 Stab: Sleeping          |     3 |     1 |       ||     4
Armor: Leather armour    |    62 |    23 |       ||    85
       Chain mail        |       |       |    32 ||    32
Dodge: Dodged            |    92 |    34 |    14 ||   140
Block: Other             |    24 |    16 |       ||    40
       Buckler           |       |     1 |    17 ||    18

Table legend: (Time is in decaauts)
 A = Elapsed time spent in this place.
 B = Non-inter-level travel time spent in this place.
 C = Inter-level travel time spent in this place.
 D = Time resting spent in this place.
 E = Time spent auto-exploring this place.
 F = Levels seen in this place.
 G = Mean time per level.
                   A        B        C        D        E       F      G
               +--------+--------+--------+--------+--------+-----+--------+
         Total |   3938 |   3832 |    106 |    749 |   2246 |   5 |  787.6 |
       Dungeon |   3938 |   3832 |    106 |    749 |   2246 |   5 |  787.6 |
               +--------+--------+--------+--------+--------+-----+--------+

Top non-repeatable levels by time:
     D:2: 1234 daAuts
     D:4: 1098 daAuts
     D:1: 685 daAuts
     D:3: 675 daAuts
     D:5: 243 daAuts
